 Dungeon Crawl Stone Soup version 0.25-a0-404-gc1b5a34292 (webtiles) character file.

Game seed: 10741607017636451763, levelgen mode: deterministic

51 DeadFury222 the Chopper (level 3, 0/33 HPs)
             Began as a Hill Orc Monk on Jan 10, 2020.
             Was a Believer of Beogh.
             Slain by an orc warrior
             ... wielding a +0 hand axe
              (11 damage)
             ... on level 2 of the Dungeon.
             The game lasted 00:03:05 (1067 turns).

DeadFury222 the Chopper (Hill Orc Monk)             Turns: 1067, Time: 00:03:05

Health: 0/33       AC:  5    Str: 11 (14) XL:     3   Next: 83%
Magic:  3/3        EV: 11    Int:  8 (10) God:    Beogh [**....]
Gold:   92         SH:  0    Dex: 10 (13) Spells: 2/2 levels left

rFire    x . .     SeeInvis .   a - +0 hand axe
rCold    + . .     Gourm    .   (no shield)
rNeg     . . .     Faith    .   g - +0 ring mail (curse)
rPois    .         Spirit   .   (no helmet)
rElec    .         Reflect  .   (no cloak)
rCorr    .         Harm     .   (no gloves)
MR       .....                  (no boots)
Stlth    +.........             (no amulet)
HPRegen  0.11/turn              h - ring of ice
MPRegen  0.08/turn              n - +1 ring of evasion

@: no status effects
A: no striking features
a: Smiting, Renounce Religion


You were on level 2 of the Dungeon.
You worshipped Beogh.
Beogh was pleased with you.
You were hungry.

You visited 1 branch of the dungeon, and saw 2 of its levels.

You collected 92 gold pieces.

Inventory:

Hand Weapons
 a - a +0 hand axe (weapon)
 m - a cursed +0 hand axe
Armour
 b - a +0 robe
 g - a cursed +0 ring mail (worn)
Jewellery
 h - a ring of ice (left hand)
 n - a +1 ring of evasion (right hand)
Scrolls
 d - 2 scrolls of magic mapping {unknown}
 f - 2 scrolls of identify {unknown}
 i - 2 scrolls of remove curse {unknown}
Potions
 e - a potion of heal wounds
 j - a potion of curing
 k - a potion of degeneration
 l - a potion of haste {unknown}
Comestibles
 c - 3 rations
 o - 5 chunks of flesh


   Skills:
 + Level 4.2 Fighting
 * Level 5.5 Axes
 * Level 0.5 Armour
 - Level 2.4 Dodging
 - Level 1.5 Stealth


You had 2 spell levels left.
You didn't know any spells.
Your spell library was empty.

Dungeon Overview and Level Annotations

Branches:
Dungeon (2/15)

Altars:


Message History

The orc warrior is lightly wounded.
The orc warrior hits you with a +0 hand axe!
Ouch! That really hurt!
* * * LOW HITPOINT WARNING * * *
It was a potion of curing.
You feel better.
It was a potion of degeneration.
There was something very wrong with that liquid.
You feel weakened.
You feel dopey.
You feel clumsy. The orc warrior closely misses you.
It was a potion of heal wounds.
You feel much better.
The orc priest seems less confused.
The orc warrior completely misses you.
The orc warrior hits you with a +0 hand axe!!
Ouch! That really hurt!
The orc warrior hits the orc with a +0 hand axe!
The orc dies!
There is an escape hatch in the ceiling here.
The orc warrior hits you with a +0 hand axe!
You die...
Beogh appreciates the orc warrior's killing of a heretic priest.

#........#..#
#........#..#
#.....#..#..#
.##.....####..####
.........)..........#
...#)....#.####.#####
................#
###.....#o####.#
..#......@# #.#
........#### #.#
.#.###### #.#
###########.#
#.)..÷...##.#
#.#########.#
#.#.†.......# ...
#.#.######### .....#
#.#...........


You could see an orc warrior.

Vanquished Creatures
  2 adders (D:2)
  A worm (D:2)
  2 dart slugs
  2 leopard geckos (D:1)
  2 bats
  A giant cockroach (D:2)
  3 goblins (D:1)
  4 hobgoblins
  A frilled lizard (D:1)
  2 kobolds (D:1)
  6 rats
26 creatures vanquished.

Vanquished Creatures (others)
  An orc wizard (D:2)
  An orc (D:2)
2 creatures vanquished.

Grand Total: 28 creatures vanquished

Notes
Turn   | Place    | Note
-------+----------+-------------------------------------------
     0 | D:1      | DeadFury222 the Hill Orc Monk began the quest for the Orb.
     0 | D:1      | Reached XP level 1. HP: 19/19 MP: 1/1
   284 | D:1      | Reached XP level 2. HP: 27/27 MP: 2/2
   601 | D:1      | Reached skill level 5 in Axes
   903 | D:2      | Reached XP level 3. HP: 33/33 MP: 3/3
  1039 | D:2      | Became a worshipper of Beogh the Brigand
  1039 | D:2      | Reached * piety under Beogh
  1039 | D:2      | Reached ** piety under Beogh
  1039 | D:2      | Noticed an orc warrior
  1067 | D:2      | Slain by an orc warrior

Levels and vault maps discovered:
D:1:      wheals_arrival_linesprint, layout_loops_ring
D:2:      minmay_roachtagon, layout_basic, doesnt_xom_only_xom

Skill      XL: |  1  2 |
---------------+-------+-----
Fighting       | 4 |  4.2
Axes           | 5 |  5.5
Armour         | |  0.5
Dodging        | |  2.4
Stealth        | |  1.5

Action                   || total
-------------------------++-------
Melee: Hand axe          ||    79
Invok: Convert to Beogh  ||     1
  Use: Potion            ||     3
 Stab: Sleeping          ||     2
Armor: Robe              ||     7
       Ring mail         ||     7
Dodge: Dodged            ||    38

Table legend:
 A = Non-vault XP
 B = Vault XP
 C = Vault XP percentage of total XP
 D = Non-vault monster count
 E = Vault monster count
 F = Vault count percentage of total count
                 A         B        C        D         E       F
            +---------+---------+-------+---------+---------+-------
      Total |      74 |       0 |   0.0 |      26 |       0 |   0.0
            +---------+---------+-------+---------+---------+-------
        D:1 |      31 |       0 |   0.0 |      17 |       0 |   0.0
        D:2 |      43 |       0 |   0.0 |       9 |       0 |   0.0
            +---------+---------+-------+---------+---------+-------
